 Dungeon Crawl Stone Soup version 0.19.4-8-ga85b6b9 (webtiles) character file.

124 vatarom the Sneak (level 5, 0/26 HPs)
             Began as a Vine Stalker Assassin on Feb 6, 2017.
             Killed by nerve-wracking pain
             ... invoked by Grinder
              (2 damage)
             ... on level 3 of the Dungeon.
             The game lasted 00:08:19 (2272 turns).

vatarom the Sneak (Vine Stalker Assassin)           Turns: 2272, Time: 00:08:20

Health: 0/26       AC:  8    Str: 12 (13) XL:     5   Next: 8%
Magic:  0/6        EV: 13    Int: 14 (15) God:
Gold:   30         SH:  0    Dex: 17      Spells: 0 memorised, 4 levels left

rFire  . . .     SeeInvis .     a - +2 dagger
rCold  . . .     Gourm    .     c - +0 robe
rNeg   . . .     Faith    .     (no shield)
rPois  .         Spirit   +     (no helmet)
rElec  .         Reflect  .     d - +0 cloak
rCorr  .         Harm     .     q - +2 pair of gloves
MR     .....                    (no boots)
Stlth  +++.......               (no amulet)
                                (no ring)
                                k - +2 ring of intelligence

@: no status effects
A: fangs 2, molten scales 1, clever 1, deterioration 1, regeneration 1, magic
shield, antimagic bite, no device heal 3, rot immunity
a: no special abilities


You were on level 3 of the Dungeon.
You were not hungry.

You visited 1 branch of the dungeon, and saw 3 of its levels.

You collected 30 gold pieces.

Inventory:

Hand Weapons
 a - a +2 dagger (weapon)
 b - a +0 blowgun
Missiles
 e - 7 poisoned needles
Armour
 c - a +0 robe (worn)
 d - a +0 cloak (worn)
 q - a +2 pair of gloves (worn)
Jewellery
 k - a +2 ring of intelligence (left hand)
 p - an uncursed amulet of regeneration
Scrolls
 i - a scroll of amnesia
Potions
 h - 2 potions of curing
 l - a potion of berserk rage
 o - a potion of might
Comestibles
 g - 3 bread rations
 j - 2 slices of pizza
 m - 4 chunks of flesh
 n - a meat ration


   Skills:
 - Level 1.7 Fighting
 - Level 1.7 Short Blades
 - Level 1.7 Throwing
 + Level 2.5 Armour
 + Level 2.4 Dodging
 - Level 5.2 Stealth


You had 4 spell levels left.
You didn't know any spells.

Dungeon Overview and Level Annotations

Branches:
Dungeon (3/15)

Altars:
The Shining One

Annotations:
D:3 Grinder


Innate Abilities, Weirdness & Mutations

You have extremely sharp teeth.
Your natural rate of healing is unusually fast.
When hurt, damage is shared between your health and your magic reserves.
Your bite disrupts and absorbs the magic of your enemies.
Potions and wands cannot restore your health.
You are immune to rotting.
You are partially covered in molten scales. (AC +2)
Your mind is acute. (Int +2)
Your body sometimes deteriorates upon taking damage.


Message History

You suddenly lose the ability to move!
The bat hits you but does no damage. The bat barely misses you.
Grinder says, "Mostly I couldn't keep them alive."
Grinder gestures at you. Pain shoots through your body!
Your body deteriorates!
You feel weakened. The bat hits you but does no damage. x4
Grinder says, "Tell me all your secrets, or I'll kill you."
Grinder hits you.
You writhe in agony.
The bat hits you but does no damage.
The bat hits you but does no damage. x2; Grinder hits you.
Your body deteriorates!
You feel dopey.
You writhe in agony.
* * * LOW HITPOINT WARNING * * *
The bat completely misses you. Grinder hits you.
* * * LOW HITPOINT WARNING * * *
You can move again.
The bat misses you. Grinder gestures at you. Pain shoots through your body!
You die...

......##.# ......##.# .......
##..####.# ....... # #.####.#####
....... #............# .......
............# .......
............# .......
............#############.......
#.##.##.#....5.@b..............ยง
# #. #.#.#########....##.......
...#.#.(..).................. #
.#.#########...#.#......... ##
#.#.#....# #...#.#.........
.#####.#.#.##.# #...#.#..#.#####
.........#.##.# #...#.#..#.#
.........#.##.# #...#.#.<#.#
..............# #...#.##.#.####


You could see Grinder and a bat.

Vanquished Creatures
  Ijyb (D:2)
  5 adders
  An ooze (D:2)
  2 worms (D:3)
  A dart slug (D:2)
  A leopard gecko (D:1)
  A ball python (D:1)
  7 bats
  A giant cockroach (D:2)
  A goblin (D:2)
  4 hobgoblins
  A quokka (D:2)
  6 frilled lizards
  8 kobolds
  5 rats
45 creatures vanquished.

Notes
Turn   | Place    | Note
-------+----------+-------------------------------------------
     0 | D:1      | vatarom the Vine Stalker Assassin began the quest for the Orb.
     0 | D:1      | Reached XP level 1. HP: 11/11 MP: 2/2
    33 | D:1      | Reached skill level 5 in Stealth
   241 | D:1      | Found a glowing golden altar of the Shining One.
   339 | D:1      | Reached skill level 1 in Dodging
   343 | D:1      | Reached XP level 2. HP: 15/15 MP: 3/3
   763 | D:2      | Reached skill level 1 in Armour
   769 | D:2      | Reached XP level 3. HP: 17/18 MP: 2/4
  1262 | D:2      | Noticed Ijyb
  1286 | D:2      | Killed Ijyb
  1286 | D:2      | Gained mutation: Your natural rate of healing is unusually fast. [Vine Stalker growth]
  1286 | D:2      | Reached XP level 4. HP: 22/23 MP: 3/5
  1552 | D:2      | Gained mutation: Your mind is acute. (Int +2) [potion of mutation]
  1552 | D:2      | Gained mutation: Your body sometimes deteriorates upon taking damage. [potion of mutation]
  1552 | D:2      | Gained mutation: You are partially covered in molten scales. (AC +2) [potion of mutation]
  2172 | D:3      | Reached XP level 5. HP: 23/26 MP: 4/6
  2230 | D:3      | Noticed Grinder
  2237 | D:3      | Paralysed by Grinder for 4 turns
  2248 | D:3      | Paralysed by Grinder for 7 turns
  2265 | D:3      | Paralysed by Grinder for 6 turns
  2271 | D:3      | HP: 1/26 [Grinder (4)]
  2272 | D:3      | Killed from afar by Grinder

Skill      XL: |  1  2  3  4 |
---------------+-------------+-----
Stealth        | 5 |  5.2
Dodging        | 1 2 |  2.4
Armour         | 1 2 |  2.5
Fighting       | |  1.7
Short Blades   | |  1.7
Throwing       | |  1.7

Action                   |  1- 3 |  4- 6 || total
-------------------------+-------+-------++-------
Melee: Dagger            |    66 |    81 ||   147
       Bite              |    18 |    26 ||    44
 Fire: Blowgun           |     3 |     8 ||    11
  Use: Potion            |     5 |     1 ||     6
       Scroll            |     4 |     2 ||     6
 Stab: Sleeping          |     6 |     1 ||     7
       Invisible         |     1 |       ||     1
  Eat: Meat ration       |     1 |       ||     1
Armor: Robe              |    14 |    48 ||    62
Dodge: Dodged            |    29 |    58 ||    87
